 Dungeon Crawl Stone Soup version 0.30.1-4-g462c640d31 (webtiles) character file.

Game seed: 15606861993666329874

5 Bobit the Firebug (level 1, 0/16 HPs)
             Began as an Ogre Fire Elementalist on May 6, 2023.
             Slain by a goblin
             ... wielding a +0 club
              (2 damage)
             ... on level 1 of the Dungeon on Aug 11, 2023.
             The game lasted 00:02:16 (616 turns).

Bobit the Firebug (Ogre Fire Elementalist)           Turns: 616, Time: 00:02:16

Health: 0/16       AC:  3    Str: 11    XL:     1   Next: 80%
Magic:  2/4        EV:  9    Int: 16    God:
Gold:   0          SH:  0    Dex:  9    Spells: 4/5 levels left

rFire   . . .        (no weapon)
rCold   . . .        (no shield)
rNeg    . . .        a - +0 robe
rPois   .            (helmet restricted)
rElec   .            (no cloak)
rCorr   .            (gloves unavailable)
SInv    .            (boots unavailable)
Will    .....        (no amulet)
Stlth   +            (no ring)
HPRegen 0.22/turn    (no ring)
MPRegen 0.09/turn

%: no passive effects
@: no status effects
A: large, unfitting armour, tough skin 1
a: no special abilities


You were on level 1 of the Dungeon.
You visited 1 branch of the dungeon, and saw 1 of its levels.

Inventory:

Hand Weapons
 d - a +0 dagger
 f - a +0 whip
Armour
 a - a +0 robe (worn)
 e - a +0 robe
Potions
 b - a potion of magic
 c - a potion of cancellation {unknown}


   Skills:
 + Level 1.7 Dodging
 + Level 1.4 Stealth
 + Level 2.7 Spellcasting
 + Level 0.8 Conjurations
 + Level 2.9 Fire Magic


You had 4 spell levels left.
You knew the following spells:

 Your Spells              Type           Power      Damage    Failure   Level
a - Foxfire               Conj/Fire      32%        2x1d5     9%          1

Your spell library contained the following spells:

 Spells                   Type           Power      Damage    Failure   Level
 Scorch                   Fire           22%        2d5       9%          2
 Apportation              Tloc           4%         N/A       19%         1
 Necrotise                Necr           8%         1d4       19%         1
 Summon Small Mammal      Summ           8%         N/A       19%         1
 Inner Flame              Hex/Fire       6%         N/A       32%         3
 Volatile Blastmotes      Fire/Tloc      12%        2d11      32%         3
 Flame Wave               Conj/Fire      8%         2d5       65%         4


Dungeon Overview and Level Annotations

Branches:
Dungeon (1/15)

Altars:


Innate Abilities, Weirdness & Mutations

You are too large for most types of armour.
You have tough skin. (AC +1)


Message History

You are very lightly contaminated with residual magic.
Nothing appears to happen.
The goblin shouts!
A quokka comes into view.
The hobgoblin hits you.
You conjure some foxfire!
The hobgoblin closely misses you.
You miscast Foxfire.
Nothing appears to happen.
The foxfire hits the hobgoblin but does no damage.
The hobgoblin hits you.
Your foxfire dissipates!
The hobgoblin attacks as you move away! The hobgoblin closely misses you.
The kobold attacks as you move away! The kobold barely misses you.
The hobgoblin attacks as you move away! The hobgoblin barely misses you.
The hobgoblin completely misses you. The hobgoblin attacks as you move away!
The hobgoblin barely misses you.
Your magical contamination has completely faded away.
The hobgoblin attacks as you move away! The hobgoblin hits you.
The hobgoblin attacks as you move away! The hobgoblin barely misses you.
You conjure some foxfire!
The hobgoblin misses you. The hobgoblin attacks as you move away!
The hobgoblin hits you.
Found a book of Cantrips.
The foxfire hits the hobgoblin.
The hobgoblin is moderately wounded.
The foxfire hits the hobgoblin.
The hobgoblin is almost dead.
The hobgoblin attacks as you move away! The hobgoblin barely misses you.
The hobgoblin barely misses you. The hobgoblin attacks as you move away!
The hobgoblin barely misses you.
You see here a book of Cantrips.
You pick up a book of Cantrips and begin reading...
You add the spells Necrotise, Summon Small Mammal and Apportation to your library.
The hobgoblin hits you. The hobgoblin barely misses you.
The kobold hits you but does no damage. The goblin attacks as you move away!
The goblin completely misses you. The hobgoblin attacks as you move away!
The hobgoblin hits you. The kobold attacks as you move away!
The kobold hits you with a +0 short sword.
* * * LOW HITPOINT WARNING * * *
Found a stone staircase leading down.
The goblin attacks as you move away! The goblin hits you with a +0 club.
You die...

#. .... #. #>..
###### ## #... #<...#
#... #....#
#...#######.88.######
#...#.....#....#.....
#...##r...##''##.....
#.@gK..............
###g.######........
#............(...(
#.........)####....
##.#.#.............
..#.#######.#..#..
.###.# #ยง#..##. .#
#.# #....##. #..#.##
.


You could see a quokka, a hobgoblin, a goblin and a kobold.

Vanquished Creatures
  2 goblins (D:1)
  2 kobolds (D:1)
4 creatures vanquished.

Vanquished Creatures (others)
  13 foxfires (D:1)
13 creatures vanquished.

Grand Total: 17 creatures vanquished

Notes
Turn   | Place    | Note
-------+----------+-------------------------------------------
     0 | D:1      | Bobit the Ogre Fire Elementalist began the quest for the
                  | Orb.
     0 | D:1      | Reached XP level 1. HP: 16/16 MP: 3/3
    24 | D:1      | Upgraded the game from 0.30.0 to 0.30.1-4-g462c640d31
   616 | D:1      | Slain by a goblin

Illustrated notes

Levels and vault maps discovered:
D:1:      sevenhm_arrival_forest_fort_small_6, layout_rooms,
          shapermc_ecumenical_altar_ellora, serial_shops, shop,
          wad_floor_pattern_untrapped, chequers_serial_rivers_small_a,
          minmay_tall_x

Action                     || total
---------------------------++-------
  Melee: Unarmed           ||    12
   Cast: Foxfire           ||     9
 Armour: Robe              ||    11
  Dodge: Dodged            ||    20
